 Dungeon Crawl Stone Soup version 0.26-a0-837-g5a8a614f01 (webtiles) character file.

Game seed: 9119352330881948517

779263 Decritt the Invulnerable (level 27, -3/139 HPs)
             Began as a Gargoyle Fighter on Nov 16, 2020.
             Was the Champion of Ru.
             Slain by an Orb Guardian (33 damage)
             ... on level 5 of the Realm of Zot on Nov 18, 2020.
             The game lasted 07:48:05 (92455 turns).

Decritt the Invulnerable (Gargoyle Fighter)        Turns: 92455, Time: 07:48:06

Health: -3/139     AC: 62    Str: 47      XL:     27
Magic:  25/25      EV: 21    Int:  9 (10) God:    Ru [******]
Gold:   4829       SH: 26    Dex: 16 (17) Spells: 26/26 levels left

rFire    + + .     SeeInvis .   y - +5 morningstar (vamp)
rCold    + + +     Faith    .   o - +2 shield of Resistance {rF++ rC++ MR++}
rNeg     + . .     Spirit   .   N - +5 gold dragon scales
rPois    ∞         Reflect  +   b - +2 helmet {Int+3}
rElec    +         Harm     .   i - +2 cloak
rCorr    +         Rampage  .   s - +0 pair of gloves "Icagoumoma" {Str+4 Dex+4}
MR       +++++     Rnd*Rage +   F - +2 pair of boots {run} Stlth ..........Rnd*Tele +
                                c - amulet "Ranaq" {Reflect +Blink rElec Str+8 Slay-3 SH+5}
HPRegen  0.33/turn              H - ring "Povvosie" {rElec rCorr MP+9 Str+4 Dex+4}
MPRegen  0.19/turn              q - ring "Gilo Tosowu" {MR+ Slay+4}

@: silence (expiring), fire vulnerable, berserk cooldown, studying Maces &
Flails, drained, quick
A: big wings, icy blue scales 1, berserk 1, blurry vision 3, clumsy 1, deformed
body, deterioration 1, dopey 1, frail 3, low mp 3, negative energy resistance 1,
screaming 2, electricity resistance, teleportitis 2, unbreathing, petrification
resistance, rot immunity, no stealth, inability to use devices, hated by all, no
conjurations magic, no hexes magic, no poison magic, unskilled 1, AC +20
}: 3/15 runes: decaying, serpentine, silver
a: Fly, Renounce Religion


You were on level 5 of the Realm of Zot.
You worshipped Ru.
Ru was exalted by your worship.
You visited 13 branches of the dungeon, and saw 55 of its levels.
You visited the Abyss 2 times.
You visited 1 bazaar.
You also visited: Gauntlet and Ice Cave.

You collected 9621 gold pieces.
You spent 4792 gold pieces at shops.

Inventory:

Hand Weapons
 e - a +3 sacred scourge of holy wrath
 y - a +5 vampiric morningstar (weapon)
 E - a +12 club of electrocution
 K - a +10 club of flaming
 P - a +3 demon whip of electrocution
Missiles
 a - 2 silver boomerangs (quivered)
 D - 37 silver javelins
 L - 7 boomerangs
Armour
 b - a +2 helmet of intelligence (worn)
 i - a +2 cloak (worn)
 l - a +1 cloak of preservation
 o - the +2 shield of Resistance (worn) {rF++ rC++ MR++}
   (You bought it in a shop on level 3 of the Depths)

   It greatly protects you from fire.
   It greatly protects you from cold.
   It affects your resistance to hostile enchantments.
 s - the +0 pair of gloves "Icagoumoma" (worn) {Str+4 Dex+4}
   (You acquired it on level 1 of the Realm of Zot)

   It affects your strength (+4).
   It affects your dexterity (+4).
 x - a +2 cloak of magic resistance
 F - a +2 pair of boots of running (worn)
 N - +5 gold dragon scales (worn)
Jewellery
 c - the amulet "Ranaq" (around neck) {Reflect +Blink rElec Str+8 Slay-3 SH+5}
   (You found it on level 3 of the Abyss)

   [amulet of reflection]

   It shields you and reflects attacks.
   It affects your strength (+8).
   It affects your accuracy and damage with ranged weapons and melee attacks
   (-3).
   It insulates you from electricity.
   It lets you blink.
   It affects your SH (+5).
 q - the ring "Gilo Tosowu" (right hand) {MR+ Slay+4}
   (You acquired it on level 5 of the Vaults)

   [ring of slaying]

   It affects your accuracy and damage with ranged weapons and melee attacks
   (+4).
   It affects your resistance to hostile enchantments.
 H - the ring "Povvosie" (left hand) {rElec rCorr MP+9 Str+4 Dex+4}
   (You bought it in a shop on level 2 of the Orcish Mines)

   [ring of resist corrosion]

   It affects your strength (+4).
   It affects your dexterity (+4).
   It insulates you from electricity.
   It affects your magic capacity (+9).
   It provides partial protection from all sources of acid and corrosion.
 O - an uncursed ring of see invisible
 T - an uncursed amulet of reflection
Scrolls
 f - 38 scrolls of teleportation
 g - 10 scrolls of magic mapping
 k - 2 scrolls of holy word
 n - 24 scrolls of remove curse
 r - 9 scrolls of identify
 u - 7 scrolls of fog
 v - 6 scrolls of noise
 A - 6 scrolls of enchant weapon
 B - 4 scrolls of immolation
 C - 6 scrolls of silence
 G - 13 scrolls of blinking
 J - 7 scrolls of fear
 R - 2 scrolls of torment
Potions
 d - 7 potions of might
 h - 6 potions of resistance
 j - 12 potions of cancellation
 m - 6 potions of haste
 p - 9 potions of heal wounds
 t - 19 potions of curing
 w - 16 potions of mutation
 I - 6 potions of berserk rage
 S - 3 potions of ambrosia
Books
 z - a manual of Maces & Flails


   Skills:
 O Level 27(26.0) Fighting
 + Level 17.3(16.5) Maces & Flails
 - Level 2.0(1.4) Throwing
 O Level 27(26.0) Armour
 * Level 18.2(17.4) Dodging
 + Level 20.8(19.9) Shields


You had 26 spell levels left.
You didn't know any spells.
Your spell library contained the following spells:

 Spells                   Type           Power        Failure   Level
 Freeze                   Ice            #...         77%         1
 Pain                     Necr           #...         77%         1
 Sandblast                Erth           #.....       77%         1
 Blink                    Tloc           N/A          88%         2
 Corpse Rot               Necr/Air       N/A          88%         2
 Passwall                 Tmut/Erth      #.......     88%         2
 Swiftness                Air            #.......     88%         2
 Wereblood                Tmut           #.......     88%         2
 Frozen Ramparts          Ice            #.....       98%         3
 Gell's Gravitas          Tloc           #.........   98%         3
 Lesser Beckoning         Tloc           #.........   98%         3
 Ozocubu's Armour         Ice            #.......     98%         3
 Teleport Other           Tloc           #.......     98%         3
 Vampiric Draining        Necr           #.........   98%         3
 Airstrike                Air            #.........   100%        4
 Dispel Undead            Necr           #.......     100%        4
 Ice Form                 Ice/Tmut       #.......     100%        4
 Passage of Golubria      Tloc           N/A          100%        4
 Petrify                  Tmut/Erth      #.......     100%        4
 Agony                    Necr           #.......     100%        5
 Borgnjor's Vile Clutch   Necr/Erth      #.........   100%        5
 Excruciating Wounds      Necr           #.........   100%        5
 Lee's Rapid Deconstruct  Erth           #.........   100%        5
 Dispersal                Tloc           #.........   100%        6
 Hydra Form               Tmut           #.........   100%        6
 Ozocubu's Refrigeration  Ice            #.........   100%        6
 Dragon Form              Tmut           #.........   100%        7
 Borgnjor's Revivificati  Necr           #.........   100%        8
 Disjunction              Tloc           #.........   100%        8
 Ignition                 Fire           #.........   100%        8
 Necromutation            Tmut/Necr      #.........   100%        8
 Absolute Zero            Ice            #.........   100%        9
 Death's Door             Necr           #.........   100%        9
 Shatter                  Erth           #.........   100%        9
 Tornado                  Air            #.........   100%        9
 Animate Skeleton         Necr           Unusable     N/A         1
 Corona                   Hex            Unusable     N/A         1
 Foxfire                  Conj/Fire      Unusable     N/A         1
 Magic Dart               Conj           Unusable     N/A         1
 Shock                    Conj/Air       Unusable     N/A         1
 Summon Small Mammal      Summ           Unusable     N/A         1
 Call Imp                 Summ           Unusable     N/A         2
 Ensorcelled Hibernation  Hex/Ice        Unusable     N/A         2
 Searing Ray              Conj           Unusable     N/A         2
 Slow                     Hex            Unusable     N/A         2
 Sublimation of Blood     Necr           Unusable     N/A         2
 Call Canine Familiar     Summ           Unusable     N/A         3
 Confusing Touch          Hex            Unusable     N/A         3
 Conjure Flame            Conj/Fire      Unusable     N/A         3
 Dazzling Flash           Conj/Hex       Unusable     N/A         3
 Mephitic Cloud           Conj/Pois/Air  Unusable     N/A         3
 Portal Projectile        Hex/Tloc       Unusable     N/A         3
 Spider Form              Tmut/Pois      Unusable     N/A         3
 Static Discharge         Conj/Air       Unusable     N/A         3
 Stone Arrow              Conj/Erth      Unusable     N/A         3
 Tukima's Dance           Hex            Unusable     N/A         3
 Animate Dead             Necr           Unusable     N/A         4
 Cause Fear               Hex            Unusable     N/A         4
 Fulminant Prism          Conj/Hex       Unusable     N/A         4
 Hailstorm                Conj/Ice       Unusable     N/A         4
 Iskenderun's Mystic Bla  Conj/Tloc      Unusable     N/A         4
 Leda's Liquefaction      Hex/Erth       Unusable     N/A         4
 Olgreb's Toxic Radiance  Pois           Unusable     N/A         4
 Summon Ice Beast         Ice/Summ       Unusable     N/A         4
 Summon Lightning Spire   Summ/Air       Unusable     N/A         4
 Bolt of Magma            Conj/Fire/Erth Unusable     N/A         5
 Irradiate                Conj/Tmut      Unusable     N/A         5
 Iskenderun's Battlesphe  Conj           Unusable     N/A         5
 Lightning Bolt           Conj/Air       Unusable     N/A         5
 Metabolic Englaciation   Hex/Ice        Unusable     N/A         5
 Silence                  Hex/Air        Unusable     N/A         5
 Summon Mana Viper        Hex/Summ       Unusable     N/A         5
 Conjure Ball Lightning   Conj/Air       Unusable     N/A         6
 Death Channel            Necr           Unusable     N/A         6
 Freezing Cloud           Conj/Ice/Air   Unusable     N/A         6
 Invisibility             Hex            Unusable     N/A         6
 Iron Shot                Conj/Erth      Unusable     N/A         6
 Simulacrum               Ice/Necr       Unusable     N/A         6
 Statue Form              Tmut/Erth      Unusable     N/A         6
 Haunt                    Necr/Summ      Unusable     N/A         7
 Orb of Destruction       Conj           Unusable     N/A         7
 Spellforged Servitor     Conj/Summ      Unusable     N/A         7
 Chain Lightning          Conj/Air       Unusable     N/A         8
 Infestation              Necr           Unusable     N/A         8
 Lehudib's Crystal Spear  Conj/Erth      Unusable     N/A         8
 Dragon's Call            Summ           Unusable     N/A         9
 Fire Storm               Conj/Fire      Unusable     N/A         9

Dungeon Overview and Level Annotations

Branches:
Dungeon (15/15)            Temple (1/1) D:4            Lair (6/6) D:9
  Swamp (4/4) Lair:4        Snake (4/4) Lair:2        Slime (1/5) Lair:5
    Orc (2/2) D:11            Elf (3/3) Orc:2        Vaults (5/5) D:13
  Crypt (3/3) Vaults:3       Tomb (0/3) Crypt:3      Depths (5/5) D:15
   Hell (visited)             Dis (0/7) Hell            Geh (0/7) Hell
    Coc (0/7) Hell            Tar (0/7) Hell            Zot (5/5) Depths:5
  IceCv (visited)         Gauntlet (visited)

Altars:
Ashenzari
Cheibriados
Dithmenos
Elyvilon
Fedhas
Gozag
Hepliaklqana
Kikubaaqudgha
Makhleb
Nemelex Xobeh
Okawaru
Qazlal
Ru
Sif Muna
Trog
Uskayaw
Vehumet
Wu Jian
Xom
Yredelemnul
Zin
The Shining One

Shops:
D:6 :   Orc:2 }=}=   Elf:1 !   Elf:3 !   Snake:1 }}*!!   Snake:3 =}*   Zot:5 *
Depths:1 ==}   Depths:3 [

Portals:
Hell: Depths:1 Depths:2 Depths:3 Depths:4 Depths:5
Abyss: Depths:4
Pandemonium: Depths:3
Ziggurat: Depths:3

Annotations:
Depths:5 1 runed translucent door


Innate Abilities, Weirdness & Mutations

You are resistant to torment.
Your stone body is resilient. (AC +20)
You are immune to poison.
Your large and strong wings let you fly indefinitely.
You resist negative energy. (rN+)
You are resistant to electric shocks. (rElec)
You can survive without breathing.
You are immune to petrification.
You are immune to rotting.
You cannot be stealthy.
You cannot study or use magical devices.
You are hated by all.
You cannot study or cast Conjurations magic.
You cannot study or cast Hexes magic.
You cannot study or cast Poison magic.
You are somewhat unskilled. (-1 Apt)
You are partially covered in icy blue scales. (AC +2)
You tend to lose your temper in combat.
Scrolls take you much longer to read.
You are clumsy. (Dex -2)
Armour fits poorly on your strangely shaped body.
Your body sometimes deteriorates upon taking damage.
You are dopey. (Int -2)
You are extremely frail. (-30% HP)
Your magical capacity is extremely low. (-30% MP)
You sometimes yell uncontrollably at your foes.
You are sometimes teleported next to monsters.


Message History

The electric golem hits you but does no damage. x2
The electric golem hits you.
* * * LOW HITPOINT WARNING * * *
The electric golem hits you but does no damage.
You rip the net and break free!
The Orb Guardian hits you!
* * * LOW HITPOINT WARNING * * *
Your body deteriorates!
You feel dopey.
The quicksilver dragon completely misses you.
You block the quicksilver dragon's attack.
The Killer Klown barely misses you.
The Orb Guardian hits you but does no damage.
You block the electric golem's attack. x2
The electric golem completely misses you.
The electric golem closely misses you.
The quicksilver dragon closely misses you.
You block the quicksilver dragon's attack.
You redirect the Killer Klown's attack!
The Killer Klown completely misses itself.
The Orb Guardian hits you!!
You die...

.##▓▓▓▓▓▓▓▓▓▓▓#
^..........^..###
..........##....##
...(...X...###...########
.....Xyp@†..###.^.†......
............D8...#
##.........
........^........#
#.........
.................#
##.......)
.................#
#........
.........^...^...#
##........
................##
#.........
...............##
##....)....
.......$..?...##
#........[.


You could see a Killer Klown, an electric golem (blind), a quicksilver dragon
(berserk), 2 Orb Guardians and a moth of wrath.

Vanquished Creatures
  6 ancient liches
  6 orbs of fire
  A juggernaut (Zot:5)
  Mara (Crypt:3)
  Sojobo (Vaults:4)
  The ghost of Ge0ff the Severer, a veteran HuFi of the Shining One (Depths:1)
  Frederick (Crypt:1)
  5 Killer Klowns (Zot:5)
  The ghost of Ucis the Metallomancer, an adept GrEE of Vehumet (Vaults:4)
  Saint Roka (Vaults:4)
  Xtahua (Crypt:1)
  8 golden dragons
  Jory (Crypt:1)
  Geryon (Hell)
  Nikola (Snake:4)
  The ghost of Plog the Tortoise, an adept DDFi of Makhleb (Vaults:3)
  5 bone dragons
  4 electric golems
  An Ice Fiend (IceCv)
  13 tentacled monstrosities
  3 liches
  14 titans
  10 Orb Guardians (Zot:5)
  A deep elf blademaster (Elf:3)
  2 deep elf master archers (Elf:3)
  Asterion (Depths:1)
  Murray (Depths:1)
  8 quicksilver dragons
  3 acid blobs
  7 death cobs
  Agnes (Snake:3)
  An Executioner (Abyss:1)
  10 tentacled starspawn
  5 sphinxes
  12 storm dragons
  5 tengu reavers
  12 shadow dragons
  Roxanne (Snake:4)
  A thorn hunter (Swamp:2)
  13 draconian monks
  2 fenstrider witches
  A storm dragon (shapeshifter) (Vaults:4)
  6 draconian knights
  16 nagarajas
  3 daevas
  5 fire giants
  8 frost giants
  Aizul (Snake:2)
  3 cacodemons (Abyss:1)
  13 vault wardens
  5 ghouls
  2 deep elf elementalists (Elf:3)
  8 draconian scorchers
  2 angels
  7 deep elf sorcerers
  Louise (Elf:2)
  3 iron dragons
  7 draconian stormcallers
  A balrug (Abyss:1)
  3 ghost moths
  2 draconian shifters
  7 draconian annihilators
  A curse skull (Vaults:3)
  12 reapers
  28 very ugly things
  19 ironheart preservers
  7 vampire knights
  12 green draconians
  6 entropy weavers
  4 war gargoyles
  An ophan (Abyss:1)
  23 stone giants
  18 red draconians
  13 deep elf demonologists
  11 yellow draconians
  A lorocyproca (Abyss:1)
  4 deep elf annihilators
  6 bunyips
  13 black draconians
  14 white draconians
  A minotaur (Gauntlet)
  11 purple draconians
  14 eidola
  3 spark wasps (Depths:3)
  Snorg (Lair:4)
  10 jiangshi
  3 eleionomae
  13 ettins
  9 deep elf death magi
  2 merfolk javelineers
  2 green deaths (Abyss:1)
  2 mummy priests
  3 quicksilver dragon zombies
  13 crystal guardians
  3 blizzard demons
  A kraken zombie (Hell)
  16 yaktaur captains
  A merfolk impaler (Depths:3)
  8 deep elf high priests
  11 fire dragons
  10 great orbs of eyes
  23 naga warriors
  A hell beast (Depths:2)
  22 hydras
  10 ice dragons
  39 vault guards
  3 death knights
  A spriggan air mage (Depths:3)
  10 boulder beetles
  7 rakshasas
  4 catoblepae
  6 ghost crabs
  9 centaur warriors
  36 two-headed ogres
  19 anacondas
  39 dancing weapons
  7 alligators
  10 deep troll shamans
  9 tengu warriors
  2 queen ants
  12 ogre magi
  6 deep troll earth magi
  5 hell hogs
  12 death yaks
  2 titan zombies
  22 naga sharpshooters
  4 orc high priests
  9 vampire magi
  8 shock serpents
  A thrashing horror (Abyss:3)
  3 spriggan berserkers
  22 deep elf knights
  9 soul eaters
  Sonja (D:11)
  6 sun demons
  18 hell knights
  12 wretched stars
  A goliath frog (Swamp:2)
  A storm dragon zombie (Vaults:1)
  3 spatial maelstroms
  3 salamander mystics
  12 skeletal warriors
  A titan skeleton (Hell)
  9 spriggans
  A fire crab (Lair:6)
  7 sixfirhies
  3 iron trolls
  2 storm dragon skeletons (Crypt:3)
  4 flayed ghosts
  A quicksilver dragon simulacrum (Abyss:1)
  27 deep trolls
  2 anaconda zombies (Hell)
  A spark wasp zombie (Hell)
  A death drake (shapeshifter) (Depths:4)
  4 sea snakes (Snake:2)
  A ghost moth zombie (Crypt:3)
  6 unseen horrors
  6 glowing orange brains
  A golden dragon zombie (Crypt:1)
  9 naga ritualists
  5 wizards
  6 bog bodies
  2 spriggan druids
  4 spectral hydras (Swamp:4)
  43 large abominations
  A death drake (Swamp:4)
  23 deep elf archers
  A swamp dragon (shapeshifter) (Abyss:1)
  5 obsidian statues
  4 orange crystal statues
  3 swamp dragons
  13 ironbrand convokers
  A golden dragon skeleton (Crypt:3)
  5 harpies (Vaults:1)
  A shadow dragon zombie (Depths:2)
  24 necromancers
  24 phantasmal warriors
  A tengu zombie (Hell)
  2 wolf spider zombies
  2 harpies (shapeshifter)
  16 orc knights
  73 deep elf magi
  7 orc sorcerers
  A mana viper (shapeshifter) (Depths:4)
  66 ugly things
  3 oklob plants (Lair:1)
  A shadow dragon skeleton (Crypt:3)
  3 stone giant zombies
  A faun (shapeshifter) (Vaults:2)
  4 frost giant zombies
  2 shining eyes (shapeshifter)
  An eleionoma zombie (Crypt:1)
  12 mana vipers
  An orb spider (shapeshifter) (Vaults:3)
  3 wolf spiders
  A will-o-the-wisp (Swamp:4)
  A cyclops (shapeshifter) (Depths:3)
  4 worldbinders
  2 sphinx skeletons
  5 cyclopes
  3 manticores
  6 fire giant zombies
  22 moths of wrath
  An elephant (shapeshifter) (D:12)
  7 elephants
  A stone giant skeleton (Crypt:3)
  A frost giant skeleton (Crypt:3)
  21 salamanders
  An iron dragon skeleton (Crypt:1)
  A guardian serpent (shapeshifter) (Depths:4)
  9 guardian serpents
  5 rust devils
  36 black mambas
  5 smoke demons
  A storm dragon simulacrum (Hell)
  A black mamba (shapeshifter) (Vaults:4)
  4 centaur zombies
  A salamander (shapeshifter) (Depths:4)
  3 ice statues
  12 vault sentinels
  11 cane toads
  16 naga magi
  4 gargoyles (Depths:4)
  4 molten gargoyles
  4 orange demons
  An elf zombie (Hell)
  2 yaktaur zombies (Hell)
  Maggie (D:10)
  5 rime drakes
  35 yaktaurs
  7 efreet
  2 dire elephant skeletons
  11 freezing wraiths
  A rime drake (shapeshifter) (Vaults:1)
  21 ice devils
  4 swamp worm zombies (Swamp:4)
  7 komodo dragons
  3 demonic crawlers (Abyss:1)
  66 starcursed masses
  3 tengu conjurers
  14 hellwings
  A tormentor (Abyss:1)
  An entropy weaver simulacrum (Vaults:2)
  A catoblepas skeleton (Crypt:2)
  2 guardian mummies (Crypt:3)
  5 hydra zombies
  7 trolls
  A catoblepas zombie (Crypt:2)
  A golden dragon simulacrum (IceCv)
  5 red devils
  A merfolk (shapeshifter) (Depths:2)
  A meliai (shapeshifter) (Vaults:1)
  A jumping spider (shapeshifter) (Depths:1)
  13 ancient zymes
  A queen ant zombie (Crypt:1)
  9 tyrant leeches
  2 bloated husks
  2 jumping spiders
  A wind drake (shapeshifter) (Vaults:3)
  2 wind drakes (Depths:4)
  3 spectral swamp dragons (Swamp:4)
  18 blink frogs
  A slime creature (shapeshifter) (Depths:4)
  40 slime creatures
  8 hornets
  2 hydra skeletons (Hell)
  16 raiju
  A stone giant simulacrum (Vaults:2)
  2 ice dragon zombies
  8 dream sheep
  2 spriggan zombies
  A deep troll zombie (Hell)
  2 ettin zombies
  4 alligator zombies (Swamp:4)
  A meliai zombie (D:13)
  A vampire (D:14)
  An ice dragon skeleton (Crypt:2)
  4 air elementals
  A fire dragon skeleton (Crypt:3)
  26 flying skulls
  15 water elementals
  2 tarantellas (Vaults:3)
  6 redbacks
  9 ynoxinuls
  12 wraiths
  45 yaks
  An ushabti (Crypt:3)
  6 wyverns
  2 fire bats
  3 steam dragons
  3 basilisks
  15 fire elementals
  An emperor scorpion simulacrum (Crypt:2)
  9 chaos spawn
  2 yaktaur simulacra (Vaults:2)
  2 elf skeletons
  8 neqoxecs
  A yellow draconian simulacrum (Abyss:1)
  6 spatial vortices
  Menkaure (D:7)
  7 vampire mosquitoes
  9 insubstantial wisps
  4 wargs
  3 iron troll simulacra (IceCv)
  79 nagas
  2 harpy simulacra (IceCv)
  A merfolk zombie (Crypt:3)
  12 swamp worms
  2 cane toad zombies (Crypt:3)
  17 soldier ants
  2 acid dragons
  23 water moccasins
  A hell hound (Abyss:1)
  3 swamp dragon zombies (Swamp:4)
  A floating eye (shapeshifter) (Depths:4)
  A deep troll skeleton (Vaults:4)
  4 sky beasts
  A fire dragon simulacrum (Crypt:1)
  A water nymph skeleton (Crypt:2)
  3 ice beasts
  33 orc warriors
  8 phantoms
  2 swamp drakes
  3 human zombies
  2 eyes of draining
  33 ogres
  3 black bears
  6 necrophages
  2 ettin simulacra
  9 boggarts
  11 wolves
  A cane toad skeleton (Crypt:3)
  A snapping turtle skeleton (Hell)
  18 centaurs
  4 human skeletons
  4 big kobolds
  A palentonga zombie (Crypt:1)
  A big kobold (shapeshifter) (Abyss:1)
  A rime drake skeleton (Crypt:2)
  A hog skeleton (Crypt:1)
  17 bullfrogs
  A wyvern zombie (D:13)
  3 human simulacra
  16 earth elementals
  34 small abominations
  A glowing shapeshifter simulacrum (Vaults:2)
  A water moccasin zombie (D:7)
  3 wyvern skeletons (Crypt:3)
  6 scorpions
  10 killer bees
  A swamp dragon simulacrum (Crypt:1)
  25 wights
  4 electric eels
  5 howler monkeys
  A spriggan skeleton (Crypt:2)
  A crimson imp (Depths:1)
  2 quasits
  5 bullfrog zombies
  10 jellies
  A gnoll shaman (D:10)
  21 orc priests
  6 hounds
  Crazy Yiuf (D:2)
  7 iron imps
  3 bullfrog skeletons
  4 centaur skeletons
  11 iguanas
  30 orc wizards
  A basilisk skeleton (Crypt:1)
  16 worker ants
  A naga zombie (Crypt:2)
  An ogre zombie (Crypt:3)
  A bullfrog simulacrum (D:12)
  A hound skeleton (D:4)
  A mummy (D:9)
  A worker ant zombie (D:6)
  Robin (D:2)
  2 howler monkey skeletons
  10 gnolls
  7 adders
  4 shadow imps
  9 white imps
  An ufetubus (D:9)
  6 oozes
  3 adder zombies
  2 worms (D:3)
  A dart slug (D:1)
  7 leopard geckos
  91 orcs
  5 ball pythons
  A bat skeleton (Crypt:1)
  4 giant cockroaches
  13 goblins
  15 hobgoblins
  5 jackals
  3 quokkas
  7 bats
  5 frilled lizards
  A goblin zombie (Crypt:1)
  25 kobolds
  2 quokka skeletons
  A quokka zombie (D:6)
  12 rats
  5 crawling corpses (Elf:3)
  4 starspawn tentacles (Abyss:1)
  A tentacle (Hell)
  A toadstool (D:1)
3037 creatures vanquished.

Vanquished Creatures (others)
  An ancient lich (Abyss:1)
  Bai Suzhen (Crypt:1)
  2 golden dragons
  A deep elf blademaster (Elf:3)
  An Orb Guardian (Zot:5)
  A tentacled monstrosity (Zot:4)
  A sphinx (Depths:1)
  A storm dragon (Zot:1)
  A draconian monk (Zot:2)
  A ghost moth (Zot:4)
  4 draconian scorchers
  An ironheart preserver (Vaults:4)
  A draconian shifter (Zot:5)
  A draconian annihilator (Zot:2)
  A very ugly thing (Vaults:3)
  A green draconian (Zot:3)
  A purple draconian (Zot:1)
  A deep elf demonologist (Vaults:2)
  A black draconian (Zot:4)
  A red draconian (Zot:5)
  An eidolon (Crypt:2)
  A merfolk impaler (Depths:5)
  A green death (Depths:1)
  A naga warrior (Snake:4)
  An ice dragon (Vaults:1)
  A centaur warrior (D:12)
  A hydra (Lair:6)
  A two-headed ogre (Vaults:3)
  2 dancing weapons (Elf:2)
  A deep troll shaman (Depths:3)
  A hell hog (Abyss:1)
  A vampire mage (Crypt:1)
  A tengu warrior (Depths:1)
  A deep elf knight (Vaults:1)
  A naga sharpshooter (Snake:4)
  2 hell knights
  A goliath frog (Swamp:3)
  A skeletal warrior (Crypt:1)
  A swamp dragon (Swamp:4)
  A bog body (Swamp:4)
  2 large abominations
  A phantasmal warrior (Swamp:4)
  A mana viper (Snake:2)
  A spectral hydra (Swamp:4)
  2 necromancers
  7 deep elf magi
  2 ugly things
  A will-o-the-wisp (Swamp:4)
  An elephant (Lair:6)
  A moth of wrath (Zot:3)
  A molten gargoyle (Depths:4)
  A black mamba (Snake:3)
  A naga mage (Snake:2)
  A smoke demon (Abyss:1)
  A freezing wraith (Vaults:4)
  An ancient zyme (Abyss:1)
  2 yaktaurs
  An anaconda simulacrum (IceCv)
  A hydra zombie (Swamp:4)
  A troll (D:15)
  3 bloated husks
  A tyrant leech (Swamp:4)
  An ettin zombie (Hell)
  2 air elementals (Depths:4)
  2 starcursed masses (Abyss:1)
  8 water elementals
  A shadow (Abyss:1)
  3 fire elementals
  An iron troll simulacrum (IceCv)
  4 swamp worms
  A harpy simulacrum (IceCv)
  A swamp drake (Swamp:4)
  A cane toad zombie (Crypt:2)
  4 orc warriors
  A sky beast (shapeshifter) (Depths:4)
  2 boggarts (Depths:3)
  A bullfrog (Lair:1)
  A crimson imp (Hell)
  An orc priest (Vaults:3)
  An orc wizard (Orc:2)
  A worker ant (Lair:5)
  2 ufetubi (Abyss:1)
  An iguana zombie (Crypt:2)
  11 ball lightnings (Depths:4)
  3 orcs
  A briar patch (Swamp:2)
  A crawling corpse (Elf:3)
  6 foxfires (Swamp:4)
  44 fungi
  2 lurking horrors
  128 plants
  20 starspawn tentacles
  3 tentacles (Hell)
  9 toadstools
  A withered plant (Crypt:3)
349 creatures vanquished.

Grand Total: 3386 creatures vanquished

Notes
Turn   | Place    | Note
-------+----------+-------------------------------------------
     0 | D:1      | Decritt the Gargoyle Fighter began the quest for the Orb.
     0 | D:1      | Reached XP level 1. HP: 14/14 MP: 1/1
    93 | D:1      | Reached XP level 2. HP: 19/19 MP: 2/2
   458 | D:1      | Reached XP level 3. HP: 22/23 MP: 3/3
  1033 | D:2      | Reached XP level 4. HP: 29/29 MP: 4/4
  1272 | D:2      | Noticed Robin
  1277 | D:2      | Killed Robin
  1365 | D:2      | Found a runed translucent door.
  1366 | D:2      | Noticed Crazy Yiuf
  1420 | D:2      | Killed Crazy Yiuf
  1421 | D:2      | Reached XP level 5. HP: 33/33 MP: 5/5
  1526 | D:3      | Found a hide-covered altar of Uskayaw.
  2013 | D:3      | Found a basalt altar of Yredelemnul.
  2051 | D:3      | Reached XP level 6. HP: 14/39 MP: 6/6
  2244 | D:3      | Found a hazy altar of Hepliaklqana.
  2244 | D:3      | Found a sacrificial altar of Ru.
  2248 | D:3      | Found a shimmering altar of Xom.
  2248 | D:3      | Found a hide-covered altar of Uskayaw.
  2248 | D:3      | Found a shimmering blue altar of Sif Muna.
  2454 | D:4      | Noticed a phantom
  2456 | D:4      | Found a staircase to the Ecumenical Temple.
  2505 | Temple   | Entered the Ecumenical Temple
  2618 | Temple   | Became a worshipper of Ru the Awakened
  2702 | D:4      | Killed a phantom
  2933 | D:4      | Reached XP level 7. HP: 44/44 MP: 7/7
  2960 | D:4      | Reached skill level 5 in Maces & Flails
  3258 | D:4      | Reached skill level 5 in Fighting
  3258 | D:4      | Reached skill level 5 in Shields
  3457 | D:5      | Entered Level 5 of the Dungeon
  3554 | D:6      | Reached skill level 5 in Armour
  3916 | D:6      | Reached XP level 8. HP: 32/49 MP: 8/8
  4352 | D:6      | Found Cyemminir's Book Shop.
  4414 | D:6      | Gained mutation: You cannot study or use magical devices.
                  | [Ru sacrifice]
  4414 | D:6      | Reached * piety under Ru
  4414 | D:6      | Reached ** piety under Ru
  4742 | D:5      | Reached XP level 9. HP: 26/56 MP: 9/9
  5320 | D:7      | Noticed Menkaure
  5335 | D:7      | Killed Menkaure
  6153 | D:8      | Found a basalt altar of Yredelemnul.
  6194 | D:8      | Noticed a two-headed ogre
  6212 | D:8      | Killed a two-headed ogre
  6412 | D:8      | Reached XP level 10. HP: 60/63 MP: 10/10
  6798 | D:9      | Gained mutation: You cannot study or cast Poison magic. [Ru
                  | sacrifice]
  6798 | D:9      | Gained mutation: You cannot study or cast Hexes magic. [Ru
                  | sacrifice]
  6798 | D:9      | Gained mutation: You cannot study or cast Conjurations
                  | magic. [Ru sacrifice]
  6798 | D:9      | Reached *** piety under Ru
  8043 | D:9      | Found a staircase to the Lair.
  8061 | D:9      | Reached skill level 10 in Maces & Flails
  8368 | D:10     | Entered Level 10 of the Dungeon
  8667 | D:10     | Gained mutation: You are hated by all. [Ru sacrifice]
  8667 | D:10     | Reached **** piety under Ru
  8815 | D:10     | Noticed Maggie
  8853 | D:10     | Killed Maggie
  8958 | D:10     | Reached XP level 11. HP: 54/69 MP: 11/11
  9970 | D:11     | Found a staircase to the Orcish Mines.
 10109 | D:11     | Noticed a purple ugly thing
 10126 | D:11     | Killed a purple ugly thing
 10292 | D:11     | Found a blossoming altar of Fedhas.
 10317 | D:11     | Noticed Sonja
 10326 | D:12     | Noticed a manticore
 10326 | D:12     | Noticed a six-headed hydra
 10339 | D:12     | Killed a six-headed hydra
 10339 | D:12     | HP: 2/71 [manticore/volley of spikes (17)]
 10342 | D:12     | Noticed a boulder beetle
 10355 | D:11     | Killed a boulder beetle
 10800 | D:12     | Found Acro's Magic Scroll Shop.
 10936 | D:12     | Noticed an orc knight
 10936 | D:12     | Noticed a centaur warrior
 10937 | D:12     | Noticed a rakshasa
 10937 | D:12     | Noticed a centaur warrior
 10937 | D:12     | Noticed a cyan ugly thing
 10937 | D:12     | Noticed a death knight
 10939 | D:12     | Noticed a fire dragon
 11162 | D:12     | Killed an unseen horror
 11379 | D:12     | Reached XP level 12. HP: 77/77 MP: 12/12
 11385 | D:12     | Reached skill level 10 in Shields
 11392 | D:12     | Reached skill level 10 in Fighting
 11417 | D:12     | Gained mutation: You cannot be stealthy. [Ru sacrifice]
 11417 | D:12     | Reached ***** piety under Ru
 11594 | D:12     | Reached skill level 10 in Armour
 11624 | D:12     | Reached skill level 1 in Dodging
 12185 | D:12     | Killed a centaur warrior
 12366 | D:12     | Noticed a brown very ugly thing
 12389 | D:12     | Noticed a shock serpent
 12676 | Lair:1   | Entered Level 1 of the Lair of Beasts
 12946 | Lair:1   | Noticed a four-headed hydra
 12959 | Lair:1   | Killed a four-headed hydra
 13199 | Lair:1   | Got a scintillating silver ring
 13201 | Lair:1   | Identified the ring of Starshine {Ice rElec} (You found it
                  | on level 1 of the Lair of Beasts)
 13977 | Lair:2   | Noticed a catoblepas
 14003 | Lair:2   | Reached XP level 13. HP: 73/84 MP: 4/13
 14030 | Lair:1   | Reached skill level 5 in Dodging
 14245 | Lair:2   | Found a staircase to the Snake Pit.
 14302 | Lair:2   | Got a dazzling broad axe
 14302 | Lair:2   | Identified the cursed +0 broad axe "Qafell Ehop" {flame,
                  | rElec rPois} (You found it on level 2 of the Lair of
                  | Beasts)
 15671 | Lair:3   | Identified a scroll of acquirement
 15671 | Lair:3   | Acquired a +2 demon whip of electrocution
 16754 | Lair:4   | Found a staircase to the Swamp.
 16864 | Lair:4   | Noticed Snorg
 16928 | Lair:4   | Killed Snorg
 17235 | Lair:5   | Found a staircase to the Slime Pits.
 17315 | Lair:5   | Noticed an entropy weaver
 17317 | Lair:5   | Noticed an entropy weaver
 17336 | Lair:5   | Killed an entropy weaver
 17337 | Lair:5   | Gained mutation: Your large and strong wings let you fly
                  | indefinitely. [Gargoyle growth]
 17337 | Lair:5   | Reached XP level 14. HP: 82/92 MP: 14/14
 18496 | Lair:6   | Entered Level 6 of the Lair of Beasts
 19592 | Lair:6   | Reached XP level 15. HP: 93/100 MP: 15/15
 20177 | Snake:1  | Entered Level 1 of the Snake Pit
 20621 | Snake:1  | Identified the cursed ring of Summer {*Drain rElec rN+
                  | Dex-4}
 21029 | Snake:1  | Found Eruu's Gadget Shoppe.
 21031 | Snake:1  | Found Efiothif's Distillery.
 21031 | Snake:1  | Found Hoapam's General Store.
 21036 | Snake:1  | Found Xakew Fez's Distillery.
 21049 | Snake:1  | Bought a potion of experience for 750 gold pieces
 21049 | Snake:1  | Reached XP level 16. HP: 106/106 MP: 16/16
 21631 | Snake:1  | Got a pitted leather armour
 21641 | Snake:1  | Identified the +1 leather armour of Ponkukhe {rC+ Slay+2}
                  | (You found it on level 1 of the Snake Pit)
 21776 | Snake:1  | Noticed a nagaraja
 21802 | Snake:1  | Killed a nagaraja
 22242 | Snake:1  | Found Tarup's Gadget Shoppe.
 22312 | Snake:2  | Noticed Aizul
 22377 | Snake:2  | Killed Aizul
 22378 | Snake:2  | Reached XP level 17. HP: 84/112 MP: 13/17
 22477 | Snake:2  | Reached skill level 15 in Shields
 22502 | Snake:2  | Reached skill level 15 in Fighting
 22623 | Snake:2  | Reached skill level 15 in Armour
 23139 | Snake:2  | Got a fine hand axe
 23139 | Snake:2  | Identified the +7 hand axe "Tiutziz" {drain, Int+5} (You
                  | found it on level 2 of the Snake Pit)
 23967 | Snake:3  | Found a frozen archway.
 23976 | IceCv    | Entered an ice cave
 24400 | IceCv    | Noticed an Ice Fiend
 24410 | IceCv    | Killed an Ice Fiend
 24559 | IceCv    | Got an ancient mace
 24559 | IceCv    | Identified the cursed +0 mace of Edoussuexu {venom, Fragile
                  | Dex+5} (You found it in an ice cave)
 24807 | Snake:3  | Found Vivvaihar's Jewellery Emporium.
 24809 | Snake:3  | Found Gido's Gadget Shoppe.
 24811 | Snake:3  | Found Zaluz's Assorted Antiques.
 24838 | Snake:3  | Noticed Agnes
 24863 | Snake:3  | Killed Agnes
 25651 | Snake:4  | Entered Level 4 of the Snake Pit
 25722 | Snake:4  | Reached XP level 18. HP: 33/120 MP: 0/18
 26114 | Snake:4  | Noticed Nikola
 26138 | Snake:4  | Killed Nikola
 27463 | Snake:4  | Identified the Disquisition on Supportive Venom
 27520 | Snake:4  | Noticed Roxanne
 27547 | Snake:4  | Killed Roxanne
 28032 | Snake:4  | Got a serpentine rune of Zot
 28210 | Snake:4  | Reached XP level 19. HP: 109/128 MP: 19/19
 28441 | Swamp:1  | Entered Level 1 of the Swamp
 28729 | Swamp:1  | You are sucked into a shaft and drop 1 floor!
 29298 | Swamp:1  | Reached skill level 15 in Maces & Flails
 31100 | Swamp:4  | Entered Level 4 of the Swamp
 32087 | Swamp:4  | Noticed a bone dragon
 32150 | Swamp:4  | Killed a bone dragon
 32264 | Swamp:4  | Got a decaying rune of Zot
 33090 | D:13     | Reached XP level 20. HP: 134/136 MP: 20/20
 33443 | D:13     | Found a gate to the Vaults.
 33796 | D:14     | Found an opulent altar of Gozag.
 33987 | D:14     | Found a shadowy altar of Dithmenos.
 34487 | D:15     | Entered Level 15 of the Dungeon
 34807 | D:15     | Found a staircase to the Depths.
 35214 | Orc:1    | Entered Level 1 of the Orcish Mines
 35589 | Orc:2    | Entered Level 2 of the Orcish Mines
 35618 | Orc:2    | Found a staircase to the Elven Halls.
 35693 | Orc:2    | Found a gate leading to a gauntlet.
 35715 | Gauntlet | Entered a Gauntlet
 35715 | Gauntlet | Found a transporter.
 35725 | Gauntlet | Found a transporter.
 35739 | Gauntlet | Found a transporter.
 35746 | Gauntlet | Found a transporter.
 35761 | Gauntlet | Found a transporter.
 35780 | Gauntlet | Found a transporter.
 35810 | Gauntlet | Found a transporter.
 35818 | Gauntlet | Found a large runed translucent door.
 35819 | Gauntlet | Found a large runed translucent door.
 35820 | Gauntlet | Found a large runed translucent door.
 35820 | Gauntlet | Found a large runed translucent door.
 35821 | Gauntlet | Found a runed translucent gate.
 35822 | Gauntlet | Found a transporter.
 35822 | Gauntlet | Found a runed translucent gate.
 35823 | Gauntlet | Found a runed translucent gate.
 35824 | Gauntlet | Found a large runed translucent door.
 35824 | Gauntlet | Found a large runed translucent door.
 35825 | Gauntlet | Found a large runed translucent door.
 35826 | Gauntlet | Found a large runed translucent door.
 35832 | Gauntlet | Found a large runed translucent door.
 35832 | Gauntlet | Found a large runed translucent door.
 35832 | Gauntlet | Found a runed translucent door.
 35832 | Gauntlet | Found a runed translucent door.
 35833 | Gauntlet | Found a large runed translucent door.
 35834 | Gauntlet | Found a large runed translucent door.
 35836 | Gauntlet | Found a transporter.
 35836 | Gauntlet | Found a transporter.
 35840 | Gauntlet | Found a transporter.
 35861 | Gauntlet | Found a transporter.
 35873 | Gauntlet | Found a transporter.
 35891 | Gauntlet | Found a transporter.
 35908 | Gauntlet | Found a transporter.
 35910 | Gauntlet | Found a transporter.
 35911 | Gauntlet | Found the +4 moon troll leather armour {Spirit, Regen++
                  | MP+5}
 35940 | Gauntlet | Found a transporter.
 35964 | Gauntlet | Found a transporter.
 36231 | Gauntlet | Found a large runed translucent door.
 36232 | Gauntlet | Found a large runed translucent door.
 36328 | Gauntlet | Got a transparent glass ring
 36332 | Gauntlet | Identified the ring "Nuogya" {rC+ Int+6 Dex+7} (You found
                  | it in a Gauntlet)
 36890 | Orc:2    | Found Egaex's Jewellery Shop.
 36893 | Orc:2    | Found Acrat's Gadget Emporium.
 36910 | Orc:2    | Found Runalit's Jewellery Emporium.
 36912 | Orc:2    | Found Iqaule's Gadget Shop.
 37027 | Orc:2    | Bought the ring "Povvosie" {rElec rCorr MP+9 Str+4 Dex+4}
                  | for 1184 gold pieces
 37116 | Elf:1    | Entered Level 1 of the Elven Halls
 37917 | Elf:1    | Found Hasoluk's Distillery.
 37921 | Elf:1    | Bought 2 potions of experience for 1000 gold pieces
 37921 | Elf:1    | Reached XP level 21. HP: 144/144 MP: 21/21
 37922 | Elf:1    | Reached XP level 22. HP: 149/149 MP: 22/22
 38028 | Elf:1    | Reached skill level 10 in Dodging
 38539 | Elf:2    | Reached skill level 1 in Throwing
 38732 | Elf:2    | Reached XP level 23. HP: 137/155 MP: 23/23
 38997 | Elf:2    | Found a runed translucent gate.
 38997 | Elf:2    | Found a runed translucent gate.
 38997 | Elf:2    | Found a runed translucent gate.
 38997 | Elf:2    | Found a runed translucent gate.
 38997 | Elf:2    | Found a runed translucent gate.
 39038 | Elf:2    | Found a runed translucent gate.
 39399 | Elf:2    | Found a huge runed translucent gate.
 39399 | Elf:2    | Found a huge runed translucent gate.
 39399 | Elf:2    | Found a huge runed translucent gate.
 39401 | Elf:2    | Found a huge runed translucent gate.
 39402 | Elf:2    | Found a huge runed translucent gate.
 39796 | Elf:2    | Noticed Louise
 39823 | Elf:2    | Killed Louise
 40391 | Depths:1 | Entered Level 1 of the Depths
 40394 | D:15     | Upgraded the game from 0.26-a0-833-g7262b39652 to
                  | 0.26-a0-835-g8259106e14
 40714 | Depths:1 | Gained mutation: You are somewhat unskilled. (-1 Apt) [Ru
                  | sacrifice]
 40714 | Depths:1 | Reduced skill Throwing to level 1
 40714 | Depths:1 | Reached ****** piety under Ru
 40803 | Depths:1 | Found a shimmering altar of Xom.
 40803 | Depths:1 | Identified the cursed +2 great sword of Egikefitz {chaos,
                  | Int+5}
 40803 | Depths:1 | Noticed Ge0ff's ghost (veteran HuFi)
 40805 | Depths:1 | Found a runed translucent door.
 41104 | Depths:1 | Noticed Asterion
 41132 | Depths:1 | Killed Asterion
 41383 | Depths:1 | Found Bufo's Jewellery Emporium.
 41384 | Depths:1 | Found Umixkef's Gadget Boutique.
 41386 | Depths:1 | Found Jeupt's Jewellery Emporium.
 41853 | Depths:1 | Reached skill level 15 in Maces & Flails
 42049 | Depths:1 | Identified the Catalogue of Shifting Arcane Weapons
 42298 | Depths:1 | Found a glowing golden altar of the Shining One.
 42503 | Depths:1 | Found a gateway to Hell.
 42578 | Hell     | Entered the Vestibule of Hell
 42578 | Hell     | Noticed Geryon
 42754 | Hell     | Noticed Murray
 43609 | Depths:1 | Killed Murray
 43900 | Hell     | Killed Geryon
 44717 | Hell     | Reached XP level 24. HP: 160/160 MP: 23/23
 44786 | Hell     | Found a gateway to the decaying netherworld of Tartarus.
 45126 | Depths:1 | Killed Ge0ff's ghost
 46483 | Depths:2 | Found a basalt altar of Yredelemnul.
 46496 | Depths:2 | Paralysed by a vampire knight for 4 turns
 46784 | Depths:2 | Got a sparkling turquoise ring
 46812 | Depths:2 | Identified the ring "Taexkav" {+Fly rF+ MR+} (You found it
                  | on level 2 of the Depths)
 47734 | Depths:3 | You are sucked into a shaft and drop 2 floors!
 47734 | Depths:5 | Entered Level 5 of the Depths
 47735 | Depths:5 | Noticed a caustic shrike
 47736 | Depths:5 | Noticed a juggernaut
 47751 | Depths:5 | Found a runed translucent door.
 47751 | Depths:5 | Noticed a juggernaut
 48612 | Depths:3 | Found a one-way gate leading to the halls of Pandemonium.
 49024 | Depths:3 | Found Anuco's Armour Boutique.
 49027 | Depths:3 | Bought the +2 shield of Resistance {rF++ rC++ MR++} for
                  | 1233 gold pieces
 49027 | Depths:3 | Found the +2 shield of Resistance {rF++ rC++ MR++}
 49102 | Depths:3 | Bought a +1 pair of gloves of dexterity for 313 gold pieces
 49230 | Depths:3 | Identified the +0 tower shield "Pazxuy" {rF+ rC- MR+}
 49235 | Depths:3 | Found a gateway to a ziggurat.
 50451 | Depths:3 | HP: 2/162 [deep troll earth mage/Lee's Rapid
                  | Deconstruction[a boggart] (31)]
 50884 | Depths:3 | Found a runed translucent door.
 50890 | Depths:3 | Found a runed translucent door.
 50993 | Depths:3 | Reached XP level 25. HP: 168/168 MP: 23/23
 52521 | Depths:3 | Noticed an ancient lich
 52555 | Depths:3 | Killed an ancient lich
 53360 | Depths:4 | Reached skill level 10 in Dodging
 54056 | Depths:4 | Found the ring of the Octopus King
 54058 | Depths:4 | Got a ring of the Octopus King
 54287 | Depths:4 | Found a one-way gate to the infinite horrors of the Abyss.
 54347 | Depths:4 | Identified a ring of the Octopus King {rC+ AC+1 EV+1 Str+1
                  | Int+1 Dex+1} (You found it on level 4 of the Depths)
 54354 | Depths:4 | Identified the cursed +3 rapier "Boukly" {flame, rC+} (You
                  | found it on level 4 of the Depths)
 54509 | Depths:4 | Got a vibrating glass ring
 54510 | Depths:4 | Identified the ring "Fuutabot" {rF+ Int+6 Slay+2} (You
                  | found it on level 4 of the Depths)
 55333 | Depths:5 | Found a gateway to a bazaar.
 55463 | Bazaar   | Entered a bazaar
 55484 | Bazaar   | Found Ubyn's Assorted Antiques.
 55499 | Bazaar   | Found Jirudon's Jewellery Shop.
 55513 | Bazaar   | Found Noisiorch's Magic Scroll Boutique.
 55527 | Bazaar   | Found Picacw's Gadget Shop.
 55657 | Bazaar   | Bought a scroll of blinking for 97 gold pieces
 55834 | Depths:5 | Identified the +1 ring mail of the Other Side {rElec rN+++
                  | MR- Dex+4} (You found it on level 5 of the Depths)
 56166 | Depths:5 | Reached XP level 26. HP: 169/176 MP: 23/23
 56255 | Depths:5 | Found a gate to the Realm of Zot.
 57516 | D:11     | Killed Sonja
 57607 | Elf:1    | Bought a potion of heal wounds for 50 gold pieces
 57869 | Snake:1  | Bought a potion of heal wounds for 55 gold pieces
 57869 | Snake:1  | Bought a potion of heal wounds for 55 gold pieces
 57869 | Snake:1  | Bought a potion of heal wounds for 55 gold pieces
 58443 | Vaults:1 | Entered Level 1 of the Vaults
 61339 | Vaults:2 | Identified a +0 pair of boots of running (You found it on
                  | level 2 of the Vaults)
 62646 | Vaults:3 | Found a runed translucent door.
 62657 | Vaults:3 | Noticed Plog's ghost (adept DDFi)
 62658 | Vaults:3 | Found the +7 captain's cutlass {speed, disarm}
 62703 | Vaults:3 | Reached XP level 27. HP: 131/184 MP: 23/23
 63210 | Vaults:3 | Found a staircase to the Crypt.
 63210 | Vaults:3 | Found an ancient bone altar of Kikubaaqudgha.
 63211 | Vaults:3 | Found a basalt altar of Yredelemnul.
 63735 | Vaults:3 | Killed Plog's ghost
 64336 | Vaults:4 | Got a transparent mace
 64336 | Vaults:4 | Identified the +10 mace "Maodebih" {pain, rElec rN+ MR-}
                  | (You found it on level 4 of the Vaults)
 65027 | Vaults:4 | Found a runed translucent door.
 65029 | Vaults:4 | Noticed Ucis's ghost (adept GrEE)
 65049 | Vaults:4 | Killed Ucis's ghost
 65872 | Vaults:5 | Entered Level 5 of the Vaults
 65873 | Vaults:5 | Noticed an ancient lich
 66399 | Vaults:5 | Noticed an ancient lich
 66412 | Vaults:5 | Killed an ancient lich
 66624 | Vaults:4 | Killed an ancient lich
 68069 | Vaults:5 | Identified the ring of Ejowuv {rC+ Int+5}
 69006 | Vaults:5 | Identified the +6 lajatang of Accord {elec, Str+3}
 69083 | Vaults:5 | Noticed Sojobo
 69334 | Vaults:5 | Identified the +6 trident of Vifeamat {flame, Stlth+}
 69402 | Vaults:5 | Identified the ring of Relativism {*Tele *Corrode Str+4
                  | Dex+2}
 69405 | Vaults:5 | Noticed Saint Roka
 69845 | Vaults:4 | Killed Sojobo
 69948 | Vaults:4 | Killed Saint Roka
 70476 | Vaults:5 | Got a vibrating glass ring
 70477 | Vaults:5 | Identified the cursed ring of the Death Scarab {rPois Str+2
                  | Dex-4} (You found it on level 5 of the Vaults)
 70492 | Vaults:5 | Acquired the ring "Gilo Tosowu" {MR+ Slay+4}
 70511 | Vaults:5 | Identified the Handbook of Creative Displacement
 70849 | Vaults:5 | Got a silver rune of Zot
 71389 | Elf:3    | Entered Level 3 of the Elven Halls
 71609 | Elf:3    | Found Emihiso's Distillery.
 71725 | Elf:3    | Identified the ring "Testrim" {*Corrode rElec rPois rN+
                  | Dex+6}
 73265 | Elf:3    | Identified the Volume of Earth
 73281 | Elf:3    | Identified the +2 ring mail of Luugrodi {+Fly rF- rC+
                  | Int+3} (You found it on level 3 of the Elven Halls)
 73311 | Elf:3    | Upgraded the game from 0.26-a0-835-g8259106e14 to
                  | 0.26-a0-837-g5a8a614f01
 73737 | Crypt:1  | Entered Level 1 of the Crypt
 73750 | Crypt:1  | Noticed Xtahua
 73765 | Crypt:1  | Noticed Frederick
 73775 | Crypt:1  | Killed Xtahua
 73786 | Crypt:1  | Killed Frederick
 74281 | Crypt:1  | Noticed Jory
 74298 | Crypt:1  | Killed Jory
 75081 | Crypt:2  | Noticed Bai Suzhen
 75350 | Crypt:1  | Killed Bai Suzhen
 76434 | Crypt:3  | Entered Level 3 of the Crypt
 76911 | Crypt:3  | Noticed Mara
 76923 | Crypt:3  | Killed Mara
 77024 | Crypt:3  | Found an ancient bone altar of Kikubaaqudgha.
 77235 | Crypt:3  | Noticed an ancient lich
 77236 | Crypt:3  | Noticed an ancient lich
 77245 | Crypt:3  | Killed an ancient lich
 77255 | Crypt:3  | Killed an ancient lich
 77276 | Crypt:3  | Got a faintly glowing jade amulet
 77292 | Crypt:3  | Identified the amulet "Rigem" {Faith *Slow rF+ Int+4 Dex+6}
                  | (You found it on level 3 of the Crypt)
 77843 | Crypt:3  | Found a staircase to the Tomb.
 78603 | Depths:4 | Voluntarily entered the Abyss.
 79186 | Abyss:1  | Noticed an ancient lich
 79191 | Abyss:1  | Killed an ancient lich
 80097 | Abyss:1  | Paralysed by accursed screaming for 2 turns
 80448 | Depths:4 | Escaped the Abyss
 81182 | Depths:4 | Voluntarily entered the Abyss.
 81681 | Abyss:1  | Gained mutation: Your magical capacity is low. (-10% MP) [a
                  | neqoxec]
 81716 | Abyss:1  | Paralysed by accursed screaming for 2 turns
 81731 | Abyss:1  | Paralysed by accursed screaming for 1 turns
 81809 | Abyss:1  | Found an ornate altar of the Wu Jian Council.
 82042 | Abyss:1  | Gained mutation: You are dopey. (Int -2) [a cacodemon]
 82430 | Abyss:1  | Reached skill level 15 in Dodging
 82751 | Abyss:1  | Paralysed by accursed screaming for 1 turns
 82858 | Abyss:2  | Found a roughly hewn altar of Beogh.
 82915 | Abyss:2  | Found a corrupted altar of Lugonu.
 82976 | Abyss:2  | Found a snail-covered altar of Cheibriados.
 83036 | Abyss:2  | Found a snail-covered altar of Cheibriados.
 83105 | Abyss:2  | Gained mutation: Scrolls take you a little longer to read.
                  | [a neqoxec]
 83402 | Abyss:3  | Got a flickering garnet amulet
 83407 | Abyss:3  | Identified the Disquisition on Sinister Rites and Combat
                  | Magic
 83560 | Depths:4 | Escaped the Abyss
 84188 | Hell     | Found a gateway to the ashen valley of Gehenna.
 84215 | Hell     | Found a gateway to the Iron City of Dis.
 84336 | Hell     | Found a gateway to the freezing wastes of Cocytus.
 84883 | Slime:1  | Entered Level 1 of the Pits of Slime
 85304 | Zot:1    | Entered Level 1 of the Realm of Zot
 85609 | Zot:1    | Identified the amulet "Ranaq" {Reflect +Blink rElec Str+8
                  | Slay-3 SH+5} (You found it on level 3 of the Abyss)
 85641 | Zot:1    | Acquired the +0 pair of gloves "Icagoumoma" {Str+4 Dex+4}
 86946 | Zot:2    | Noticed an orb of fire
 86959 | Zot:2    | Gained mutation: Scrolls take you longer to read. [an orb
                  | of fire]
 86960 | Zot:2    | Gained mutation: Armour fits poorly on your strangely
                  | shaped body. [an orb of fire]
 86963 | Zot:2    | Killed an orb of fire
 88950 | Zot:3    | Found the +6 Majin-Bo {vamp, MP+6 Int+6}
 89030 | Zot:3    | You fall into a shaft and drop 1 floor!
 90939 | Zot:5    | Entered Level 5 of the Realm of Zot
 91032 | Zot:5    | Found Xyral's Changing Room.
 91321 | Zot:5    | Noticed an ancient lich
 91333 | Zot:5    | Killed an ancient lich
 91347 | Zot:5    | Gained mutation: Your magical capacity is very low. (-20%
                  | MP) [mutagenic glow]
 91375 | Zot:5    | Noticed an orb of fire
 91375 | Zot:5    | Noticed an orb of fire
 91380 | Zot:5    | Paralysed by a Zot trap for 5 turns
 91383 | Zot:5    | Gained mutation: You occasionally shout uncontrollably at
                  | your foes. [mutagenic glow]
 91385 | Zot:5    | Gained mutation: Scrolls take you much longer to read. [an
                  | orb of fire]
 91385 | Zot:5    | Gained mutation: You tend to lose your temper in combat.
                  | [an orb of fire]
 91389 | Zot:5    | Gained mutation: You are frail. (-10% HP) [an orb of fire]
 91395 | Zot:5    | Gained mutation: You are partially covered in icy blue
                  | scales. (AC +2) [an orb of fire]
 91397 | Zot:5    | Gained mutation: You sometimes yell uncontrollably at your
                  | foes. [an orb of fire]
 91400 | Zot:5    | Killed an orb of fire
 91412 | Zot:5    | Gained mutation: You are occasionally teleported next to
                  | monsters. [an orb of fire]
 91419 | Zot:5    | Gained mutation: You are very frail. (-20% HP) [an orb of
                  | fire]
 91421 | Zot:5    | Gained mutation: Your magical capacity is extremely low.
                  | (-30% MP) [an orb of fire]
 91427 | Zot:5    | Killed an orb of fire
 91645 | Zot:5    | Noticed an orb of fire
 91656 | Zot:5    | Gained mutation: You are clumsy. (Dex -2) [mutagenic glow]
 91662 | Zot:5    | Reached skill level 27 in Armour
 91671 | Zot:5    | Noticed a juggernaut
 91671 | Zot:5    | a Killer Klown changed into a juggernaut
 91680 | Zot:5    | Gained mutation: You are extremely frail. (-30% HP)
                  | [mutagenic glow]
 91684 | Zot:5    | Killed a juggernaut
 91699 | Zot:5    | Gained mutation: You are sometimes teleported next to
                  | monsters. [mutagenic glow]
 91744 | Zot:5    | Noticed an orb of fire
 91764 | Zot:5    | Killed an orb of fire
 91765 | Zot:5    | Reached skill level 27 in Fighting
 92046 | Zot:5    | Killed an orb of fire
 92070 | Zot:5    | Noticed an orb of fire
 92070 | Zot:5    | Noticed an orb of fire
 92359 | Zot:5    | Gained mutation: Your body sometimes deteriorates upon
                  | taking damage. [an orb of fire]
 92391 | Zot:5    | Killed an orb of fire
 92455 | Zot:5    | Slain by an Orb Guardian

Illustrated notes

Levels and vault maps discovered:
D:1:      ldierk_water_garden, layout_loops_cross, hex_tiny
D:2:      layout_basic, solitary_fountain, uniq_robin, uniq_crazy_yiuf_cottage
D:3:      layout_rooms, eat_drink_and_be_merry_uskayaw, grunt_ministairs_3,
          doesnt_xom_only_xom
D:4:      layout_rooms, minmay_temple_entry_mini_moons
D:5:      layout_basic
D:6:      layout_rooms, serial_shops, nicolae_shop_statue_plus
D:7:      layout_cave_pods, uniq_menkaure
D:8:      cheibrodos_fertilizer, layout_basic, basic_altar
D:9:      layout_layer_cave, david_lair_shrubbed, serial_undead,
          serial_undead_c, serial_undead_d, serial_undead_e, serial_undead_d,
          serial_undead_f, serial_undead_c, serial_undead_a
D:10:     layout_roguey, dk_rats_in_the_wall, uniq_maggie
D:11:     layout_long_grid, orc_0_dummy, fedhas_bush_and_centaur_altar,
          uniq_sonja
D:12:     minmay_inside_and_out, layout_grid_maze, serial_shops,
          nicolae_shop_trees, minivault_28
D:13:     layout_roguey, grunt_vaults_entry_fortified
D:14:     layout_loops_ring, lemuel_crystal_altar, grunt_dithmenos_smoke
D:15:     grunt_enter_depths_giant_problem, layout_irregular_city,
          dk_noncrumbling_3, minmay_misc_feat_enclosed
Temple:   kilobyte_greek_temple
Lair:1:   layout_regular_city, hangedman_lair_generics_rect, grunt_megastairs_4,
          minmay_lair_oklob_chamber
Lair:2:   layout_long_grid, guppyfry_snake_entry_island, beast_lair_carwin_2,
          grunt_megastairs_3, lemuel_fruit_tree, infiniplex_staircase_pool_2
Lair:3:   layout_roguey, serial_rivers, chequers_serial_rivers_large_b,
          chequers_serial_rivers_small_a, chequers_serial_rivers_micro_c,
          chequers_serial_rivers_room_a, chequers_serial_rivers_room_a
Lair:4:   layout_gridlike, swamp_mist_pool, uniq_snorg
Lair:5:   layout_cave_pods, nicolae_slime_entry_slimehenge,
          minmay_another_anthill
Lair:6:   hangedman_lair_in_review, layout_regular_city,
          guppyfry_lair_end_dragon, serial_bayou_ford_a, patterned_corridor
Swamp:1:  layout_basic_swamp, evilmike_swamp_ruin_house_4, swamp_pool3
Swamp:2:  layout_basic_swamp, serial_swamp_ruin, hangedman_swamp_ruin_hall,
          evilmike_swamp_ruin_rubble_2, evilmike_swamp_ruin_house_3
Swamp:3:  layout_basic_swamp, nicolae_swamp_fairy_circle, swamp_pool4,
          worms_lemuel
Swamp:4:  swamp_pestilence, layout_basic_swamp
Snake:1:  kennysheep_snake, layout_grid_maze, serial_shops, shop,
          nicolae_coiled_stairwell_down, minmay_shoptagon
Snake:2:  cheibrodos_snake_lava_hold, layout_basic, uniq_aizul
Snake:3:  layout_onion_interference, portal_ice_cave_entry_pillars_three,
          minmay_shop_star, uniq_agnes
Snake:4:  grunt_snake_rune_spirals, layout_onion, uniq_roxanne, uniq_nikola
Slime:1:  layout_caves
Orc:1:    layout_diamond_mine, serial_shops, nicolae_shop_overgrown_old_shop
Orc:2:    st_orc_elflike, layout_diamond_mine, gauntlet_entry_generic
Elf:1:    elf_arrival_001, layout_rooms, serial_shops, shop,
          kennysheep_underground_church
Elf:2:    layout_geoelf_grid, orc_legates, uniq_louise
Elf:3:    elf_hall, layout_geoelf_castle, serial_shops, shop_statue
Vaults:1: ontoclasm_vaults_fault, nicolae_vaults_little_squares_3,
          vaults_room_pools, nicolae_vaults_network_square,
          grunt_vaults_diagonal, hangedman_vaults_slither, vaults_room_pool,
          nicolae_vaults_three_branches, ontoclasm_vaults_chip,
          nicolae_vaults_mini_display_case, nicolae_vaults_rhombus_5,
          layout_vaults_chaotic_city
Vaults:2: v_rooms_4, ontoclasm_vaults_tryst, v_misc_2, v_alt_pattern_4,
          ontoclasm_vaults_shout, v_pattern_2, nicolae_vaults_alarming,
          nicolae_vaults_angled_halls, nicolae_vaults_windows_and_doors_thing,
          v_misc_26, grunt_vaults_hallway_short, serial_ice_m,
          layout_vaults_omnibox
Vaults:3: gammafunk_vaults_ghost_grave, hangedman_vaults_nails,
          minmay_crypt_entry_necro_gods, vaults_mumra_minichess, v_misc_32,
          v_alt_pattern_2, layout_vaults_ring
Vaults:4: ebering_vaults_ghost_reflecting_pool, ontoclasm_vaults_spin,
          vaults_dpeg_cross, ontoclasm_vaults_chip, nicolae_vaults_shelves_hall,
          nicolae_vaults_know_your_exits, nicolae_vaults_sealed_display,
          layout_vaults_quadrants, uniq_margery
Vaults:5: uniq_sojobo, uniq_saint_roka
Crypt:1:  layout_chaotic_city, serial_co_window_serial,
          co_window_of_opportunity_a, co_window_paths_a, co_window_corner_a,
          co_window_corner_a, co_window_paths_a, co_window_broadway_c,
          co_window_corner_ca, co_window_unsneaky_path_b, co_window_paths_d,
          co_window_paths_e, glass_columns_a, glass_columns_a, glass_columns_a,
          glass_columns_a, uniq_xtahua, uniq_jory, uniq_frederick
Crypt:2:  layout_rooms, uniq_bai_suzhen
Crypt:3:  evilmike_haunted_forest, uniq_mara
Depths:1: layout_basic, tso_altar, grunt_hell_entry_dis_old, ebering_ghost_xom,
          nrook_campfire, minmay_librarian, minmay_shop_grove,
          grunt_megastairs_2, uniq_asterion
Depths:2: lemuel_vampire_tower, layout_cave_shapes, grunt_mini_vestibule,
          grunt_decor_mini_mirrors, st_stairs_5, minmay_staircase_statues
Depths:3: thingy_vault_2, layout_gridlike, enter_ziggurat_d, serial_shops,
          kennysheep_mini, pan_entry, serial_bayou, serial_bayou_pond_d,
          serial_bayou_shore_b, serial_bayou_lagoon_a, serial_bayou_pond_e,
          serial_bayou_pond_b, serial_bayou_crossing, hangedman_geh_valley,
          eino_tiny_chamber, laboratory
Depths:4: radiant_caverns_b_rkd, hell_entry, abyss_entry, serial_shops
Depths:5: grunt_zot_entry_hairpin, layout_cave_pools, serial_shops, statue_bzr,
          chequers_serial_rivers_marsh, pf_coc_iceberg, minmay_st_funbox
Hell
Zot:1:    layout_onion_interference, lemuel_flame_loot_1
Zot:2:    minmay_elemental_castle, layout_misc_corridors
Zot:3:    layout_onion_interference
Zot:4:    layout_misc_corridors
Zot:5:    layout_twisted_circle, nicolae_transmutations_shop

Skill      XL: |  1  2  3  4  5  6  7  8  9 10 11 12 13 14 15 16 17 18 19 20 21 22 23 24 25 26 27 |
---------------+----------------------------------------------------------------------------------+-----
Maces & Flails | 3 4 5 7 9 10 12 13 14 15 15 16 17 | 17.3
Fighting       | 4 5 6 7 8 9 10 12 13 14 16 17 18 19 18 19 20 21 27 | 27.0
Armour         | 4 5 6 7 8 9 10 12 13 14 16 17 18 19 18 19 21 22 27 | 27.0
Shields        | 4 5 6 7 8 9 10 12 13 14 16 17 18 19 18 19 20 | 20.8
Dodging        | 4 5 7 8 9 10 9 10 18 | 18.2
Throwing       | 1 2 |  2.0

Action                   |  1- 3 |  4- 6 |  7- 9 | 10-12 | 13-15 | 16-18 | 19-21 | 22-24 | 25-27 || total
-------------------------+-------+-------+-------+-------+-------+-------+-------+-------+-------++-------
Melee: Flail             |    45 |       |       |   115 |   329 |       |       |       |       ||   489
       Whip              |    80 |   213 |   273 |   951 |       |       |       |       |       ||  1517
       Demon whip        |       |       |       |       |   819 |  1655 |  1829 |  2245 |  3440 ||  9988
       Eveningstar       |       |       |       |       |       |       |       |    97 |       ||    97
       Morningstar       |       |       |       |       |       |       |       |       |  2531 ||  2531
       Sacred scourge    |       |       |       |       |       |       |       |       |  1110 ||  1110
       Mace              |       |       |       |       |       |       |       |       |   153 ||   153
Throw: Dart              |       |    90 |   104 |       |       |       |       |       |       ||   194
       Boomerang         |       |       |    22 |   120 |   145 |   100 |   139 |   155 |    53 ||   734
       Javelin           |       |       |       |       |       |       |       |       |   254 ||   254
Invok: Sacrifice Artific |       |       |     1 |       |       |       |       |       |       ||     1
       Sacrifice Love    |       |       |       |     1 |       |       |       |       |       ||     1
       Sacrifice Arcana  |       |       |       |     1 |       |       |       |       |       ||     1
       Power Leap        |       |       |       |     2 |     2 |     2 |     2 |     2 |     2 ||    12
       Reject Sacrifices |       |       |       |     1 |     1 |     1 |     1 |       |       ||     4
       Apocalypse        |       |       |       |     1 |     2 |     5 |     1 |     4 |     9 ||    22
       Draw Out Power    |       |       |       |     1 |       |     2 |       |     2 |     2 ||     7
       Sacrifice Stealth |       |       |       |     1 |       |       |       |       |       ||     1
       Sacrifice Skill   |       |       |       |       |       |       |       |     1 |       ||     1
 Abil: Fly               |       |       |       |       |       |       |     2 |     2 |     4 ||     8
       Stop Flying       |       |       |       |       |       |       |     2 |     2 |     4 ||     8
  Use: Scroll            |       |     6 |     2 |    12 |    15 |     4 |    10 |    18 |    36 ||   103
       Potion            |       |       |     1 |     2 |     1 |     3 |     4 |     5 |    10 ||    26
 Stab: Distracted        |       |       |       |     1 |     4 |     4 |     4 |    12 |    36 ||    61
       Invisible         |       |       |       |     2 |     3 |     1 |     5 |     9 |    34 ||    54
       Paralysed         |       |       |       |       |    14 |    19 |       |    18 |    20 ||    71
       Petrified         |       |       |       |       |     3 |       |       |       |       ||     3
Armor: Scale mail        |    22 |       |       |       |       |       |     7 |   155 |   579 ||   763
       Chain mail        |    36 |   121 |    90 |   409 |   297 |       |       |       |       ||   953
       Plate armour      |       |       |       |       |   153 |   470 |   707 |       |     1 ||  1331
       Fire dragon scale |       |       |       |       |       |       |       |   382 |       ||   382
       Gold dragon scale |       |       |       |       |       |       |       |       |  1636 ||  1636
Dodge: Dodged            |    35 |    26 |    34 |   175 |   183 |   205 |   318 |   479 |  2142 ||  3597
       Repelled          |       |       |       |       |       |       |     5 |       |     4 ||     9
Block: Kite shield       |    57 |    73 |   101 |   239 |       |       |       |   145 |  5828 ||  6443
       Tower shield      |       |       |       |   318 |   826 |  1110 |  1522 |  2159 |       ||  5935
       Reflection        |       |       |       |       |       |       |       |    34 |   236 ||   270

Table legend: (Time is in decaauts)
 A = Elapsed time spent in this place.
 B = Non-inter-level travel time spent in this place.
 C = Inter-level travel time spent in this place.
 D = Time resting spent in this place.
 E = Time spent auto-exploring this place.
 F = Levels seen in this place.
 G = Mean time per level.
                   A        B        C        D        E       F      G
               +--------+--------+--------+--------+--------+-----+--------+
         Total |  85078 |  78781 |   6297 |  19842 |  33160 |  63 | 1350.4 |
       Dungeon |  17184 |  15287 |   1897 |   2581 |   8056 |  15 | 1145.6 |
        Temple |    153 |    153 |      0 |      0 |    130 |   1 |  153.0 |
          Lair |   8264 |   7615 |    649 |   1291 |   4559 |   6 | 1377.3 |
         Swamp |   3342 |   3204 |    138 |    642 |   1586 |   4 |  835.5 |
     Snake Pit |   6710 |   6267 |    443 |    905 |   3077 |   4 | 1677.5 |
    Slime Pits |     13 |     13 |      0 |      0 |      0 |   1 |   13.0 |
  Orcish Mines |   1317 |    950 |    367 |     37 |    531 |   2 |  658.5 |
   Elven Halls |   5113 |   4710 |    403 |   1460 |   1752 |   3 | 1704.3 |
        Vaults |  12334 |  11319 |   1015 |   3964 |   4491 |   5 | 2466.8 |
         Crypt |   3126 |   2930 |    196 |    326 |   1548 |   3 | 1042.0 |
        Depths |  15119 |  14034 |   1085 |   6294 |   3901 |   5 | 3023.8 |
          Hell |    829 |    829 |      0 |      0 |    469 |   1 |  829.0 |
           Zot |   6380 |   6279 |    101 |   1762 |   1772 |   5 | 1276.0 |
         Abyss |   3571 |   3571 |      0 |    262 |   1125 |   5 |  714.2 |
        Bazaar |    272 |    272 |      0 |      0 |     21 |   1 |  272.0 |
      Ice Cave |    626 |    626 |      0 |    282 |     88 |   1 |  626.0 |
      Gauntlet |    717 |    717 |      0 |     34 |     49 |   1 |  717.0 |
               +--------+--------+--------+--------+--------+-----+--------+

Top non-repeatable levels by time:
Vaults:4: 5483 daAuts
Depths:1: 4664 daAuts
Depths:3: 4188 daAuts
Depths:4: 2752 daAuts
 Abyss:1: 2746 daAuts
Vaults:3: 2102 daAuts
 Snake:4: 2079 daAuts
    D:12: 2028 daAuts
 Snake:1: 2026 daAuts
    D:11: 2006 daAuts
Depths:2: 1980 daAuts
Vaults:1: 1909 daAuts
   Elf:1: 1841 daAuts
   Elf:3: 1815 daAuts
     D:9: 1814 daAuts
